AoeStats
← montes_503

Arena

510250443Analyzed
3v3 RM · 19h ago on Sep 30, 2026· 45m 38s· 6 players
Game mode
Random Map
Map size
Normal (6 player)
Population
200
Speed
Normal
Resources
Standard
Victory
Conquest
Starting age
Dark Age
Ending age
Imperial Age
RankedLock teamsTeams togetherTeam positionsShared explorationLock speedFull tech treeHidden civsTurbo modeCheats
Victory
Defeat
🇦🇺 Saracens · Australia
851
+12
🇵🇪 Spanish · Peru
771
+15
🇨🇳 Ethiopians · China
730
+17
🇲🇽 Koreans · Mexico
826
-18
🇲🇽 Spanish · Mexico
726
-13
🇲🇽 Italians · Mexico
724
-13
that内个
10:05 Feudal Age
11:14 Double-Bit Axe
13:37 Castle Age
11:23 Horse Collar
15:18 Bow Saw
17:57 Wheelbarrow
17:34 Heavy Plow
19:40 Gold Mining
21:08 Gold Shaft Mining
24:37 Imperial Age
22:37 Fletching
23:38 Hand Cart
23:10 Loom
23:56 Ballistics
23:36 Bodkin Arrow
24:12 Padded Archer Armor
23:53 Crossbowman
25:23 Leather Archer Armor
26:18 Chemistry
25:32 Arbalester
27:11 Ring Archer Armor
26:43 Bracer
28:49 Thumb Ring
30:16 Two-Man Saw
30:02 Siege Engineers
30:04 Stone Mining
31:09 Ring Archer Armor
31:17 Gold Shaft Mining
34:50 Stone Shaft Mining
36:45 Guilds
37:05 Coinage
39:30 Banking
41:59 Spies/Treason
EstosMancosyYo
12:37 Feudal Age
14:46 Wheelbarrow
13:58 Double-Bit Axe
16:59 Gold Mining
17:45 Horse Collar
21:12 Scale Mail Armor
23:37 Castle Age
22:22 Forging
22:28 Loom
25:59 Hand Cart
25:45 Heavy Plow
25:58 Bow Saw
29:17 Chain Mail Armor
33:03 Imperial Age
30:14 Pikeman
30:54 Squires
31:34 Iron Casting
35:02 Chemistry
33:33 Halberdier
34:52 Plate Mail Armor
40:38 Blast Furnace
40:08 Arson
kwis
9:37 Feudal Age
10:05 Double-Bit Axe
10:02 Horse Collar
10:16 Gold Mining
22:08 Castle Age
22:11 Scale Barding Armor
22:18 Forging
21:58 Fletching
28:37 Chain Barding Armor
28:54 Iron Casting
29:48 Husbandry
30:51 Light Cavalry
32:11 Wheelbarrow
37:06 Loom
39:51 Imperial Age
37:40 Hand Cart
37:12 Town Watch
38:39 Heavy Plow
40:00 Bloodlines
41:56 Bow Saw
43:00 Gold Shaft Mining
43:00 Conscription
43:07 Spies/Treason
43:39 Hussar
44:30 Stone Mining
44:12 Elite Mameluke
44:22 Heavy Camel Rider
rafa08slayer
7:11 Loom
11:43 Feudal Age
13:30 Wheelbarrow
12:45 Double-Bit Axe
12:43 Horse Collar
18:30 Bloodlines
19:53 Scale Barding Armor
22:10 Castle Age
23:43 Husbandry
26:40 Bow Saw
26:33 Heavy Plow
26:56 Hand Cart
26:57 Gold Mining
30:11 Forging
31:30 Chain Barding Armor
35:48 Imperial Age
35:56 Imperial Age
36:17 Ballistics
38:13 Cavalier
montes_503
0:33 Loom
12:09 Feudal Age
13:28 Wheelbarrow
12:40 Double-Bit Axe
12:36 Horse Collar
22:11 Castle Age
21:47 Fletching
23:40 Hand Cart
23:41 Heavy Plow
24:11 Bow Saw
26:12 Caravan
31:58 Imperial Age
32:14 Bodkin Arrow
32:33 Heavy Cavalry Archer
34:08 Scale Mail Armor
34:19 Forging
34:09 Bracer
41:27 Pikeman
43:00 Arson
43:15 Squires
43:17 Halberdier
43:32 Cavalier
memito101091
0:54 Loom
10:00 Feudal Age
11:28 Double-Bit Axe
12:20 Wheelbarrow
19:36 Castle Age
17:58 Horse Collar
21:01 Stone Mining
21:03 Crossbowman
23:16 Heavy Plow
24:08 Fletching
26:26 Bow Saw
26:36 Elite Skirmisher
29:06 Padded Archer Armor
29:54 Scale Barding Armor
29:53 Pikeman
30:45 Husbandry
32:35 Ballistics
32:27 Fortified Wall
35:34 Imperial Age
38:01 Imperial Age
36:27 Treadmill Crane
Connection lost

Rejoining the realm…

Still unreachable

The connection could not be restored.

Session expired

The server has moved on; the page needs a fresh start.